Map: Vallée des cactus EC

Players

Berserker

  • Race: Zerg Zerg
  • League: Grandmaster

AgCl - Winner!

  • Race: Protoss Protoss
  • League: Grandmaster

VOD

Have the link to the VOD?

Description

Time

  • Played on: June 9, 2015, 7:21 p.m.
  • Length: 10:56
Show
View Real Time Build Order
Export as new Build Order

Berserker Zerg 

Build Orders: Hatch First 

Get SALT Encoding   

  12  0:13  Overlord  
  12  0:22  Drone x2  
  14  0:33  Drone  
  14  0:35  Drone  
  16  0:56  Hatchery  
  15  0:59  Drone  
  16  1:11  Extractor, Spawning Pool  
  15  1:15  Drone  
  15  1:24  Drone x2  
  17  1:34  Drone  
  18  1:53  Overlord  
  18  1:58  Queen  
  18  2:00  Zergling x2  
  21  2:08  Overlord  
  21  2:11  Metabolic Boost  
  21  2:13  Drone x2  
  23  2:22  Drone  
  24  2:26  Drone  
  25  2:39  Queen  
  25  2:40  Drone x3  
  31  2:44  Drone  
  32  2:58  Drone x2  
  32  3:03  Overlord  
  33  3:06  Zergling x2  
  33  3:09  Zergling x2  
  33  3:10  Zergling x2  
  33  3:12  Drone x2  
  38  3:13  Drone  
  38  3:19  Overlord  
  39  3:32  Drone x2  
  41  3:41  Drone x2  
  41  3:44  Extractor, Queen  
  41  3:45  Extractor  
  41  3:47  Drone x5  
  48  3:49  Drone x3  
  48  3:55  Spore Crawler  
  50  3:59  Spore Crawler  
  50  4:01  Drone  
  50  4:04  Lair  
  50  4:21  Evolution Chamber x2  
  48  4:25  Drone  
  49  4:32  Queen  
  49  4:38  Roach Warren  
  50  4:46  Drone x3  
  50  4:47  Drone  
  50  4:51  Hatchery  
  53  5:00  Zerg Missile Weapons Level 1  
  53  5:01  Zerg Ground Armor Level 1  
  53  5:08  Extractor  
  53  5:09  Drone x3  
  53  5:10  Burrow  
  53  5:11  Hydralisk Den  
  53  5:13  Zergling x4  
  56  5:20  Roach  
  56  5:21  Roach  
  60  5:23  Overlord x2  
  60  5:24  Overlord  
  59  5:45  Overlord  
  59  5:51  Roach x3  
  59  5:52  Roach x2  
  59  5:53  Hydralisk x3  
  59  5:55  Overlord  
  75  6:05  Drone x3  
  75  6:06  Drone x2  
  79  6:20  Drone  
  79  6:21  Drone x4  
  79  6:23  Queen  
  79  6:25  Hydralisk x2  
  86  6:41  Hydralisk x2  
  86  6:42  Hydralisk x3  
  92  6:54  Hydralisk x2  
  96  7:03  Hydralisk  
  96  7:11  Zergling x2  
  96  7:12  Zergling x2  
  96  7:13  Overlord  
  96  7:14  Overlord x2  
  96  7:31  Extractor  
  96  7:32  Overlord  
  96  7:33  Extractor  
  78  7:47  Queen  
  78  7:50  Hydralisk x8  
  78  7:51  Hydralisk  
  84  8:03  Hydralisk x2  
  84  8:04  Hydralisk x4  
  96  8:06  Zerg Ground Armor Level 2, Zerg Missile Weapons Level 2  
  94  8:20  Hydralisk x5  
  101  8:27  Zergling x2  
  101  8:28  Zergling x10  
  101  8:34  Hydralisk x3  
  97  8:47  Drone x3  
  97  8:48  Drone x4  
  102  8:55  Lurker Den  
  102  9:10  Roach x2  
  102  9:11  Roach x4  
  102  9:13  Hatchery  
  113  9:19  Drone x2  
  109  9:34  Hydralisk x3  
  109  9:35  Hydralisk x5  
  111  9:57  Drone x4  
  111  10:00  Drone x2, Infestation Pit  
  111  10:04  Hydralisk x3  
  112  10:09  Drone x2  
  112  10:13  Hydralisk  
  110  10:22  Hydralisk  
  110  10:23  Hydralisk  
  110  10:27  Hydralisk  
Show
View Real Time Build Order
Export as new Build Order

AgCl Protoss - Winner!

Build Orders: 1 Gate Expand, Oracle Opening, Oracle Opening, Carrier Rush 

Get SALT Encoding   

  12  0:02  Probe  
  13  0:14  Probe  
  14  0:26  Pylon  
  14  0:44  Probe  
  14  0:49  Assimilator  
  15  0:55  Gateway  
  15  0:56  Probe  
  16  1:08  Probe  
  17  1:20  Probe (Chrono Boost)  
  18  1:29  Nexus  
  18  1:32  Probe (Chrono Boost)  
  19  1:39  Probe (Chrono Boost)  
  20  1:45  Cybernetics Core  
  20  1:49  Probe (Chrono Boost)  
  22  2:01  Probe (Chrono Boost)  
  22  2:02  Assimilator  
  22  2:14  Pylon  
  22  2:32  Zealot  
  22  2:33  Probe (Chrono Boost), Stargate  
  25  2:43  Warp Gate (Chrono Boost)  
  26  2:44  Probe (Chrono Boost)  
  26  2:45  Probe (Chrono Boost)  
  27  2:54  Probe x2 (Chrono Boost)  
  29  3:02  Mothership Core  
  29  3:03  Probe  
  32  3:17  Oracle (Chrono Boost)  
  32  3:19  Probe  
  36  3:21  Pylon  
  36  3:23  Probe  
  37  3:31  Probe (Chrono Boost)  
  38  3:38  Probe (Chrono Boost)  
  38  3:39  Adept  
  38  3:40  Pylon  
  39  3:43  Probe (Chrono Boost)  
  39  3:46  Assimilator  
  41  3:51  Probe x2 (Chrono Boost)  
  42  3:59  Probe (Chrono Boost)  
  44  4:04  Probe (Chrono Boost)  
  44  4:06  Fleet Beacon  
  45  4:10  Probe (Chrono Boost)  
  45  4:12  Probe (Chrono Boost)  
  47  4:19  Probe x2 (Chrono Boost)  
  48  4:29  Probe (Chrono Boost), Carrier (Chrono Boost)  
  47  4:32  Assimilator  
  47  4:34  Probe (Chrono Boost)  
  48  4:39  Probe (Chrono Boost)  
  48  4:42  Probe (Chrono Boost)  
  49  4:46  Probe, Pylon  
  49  4:52  Graviton Catapult  
  56  4:53  Probe  
  57  5:02  Probe (Chrono Boost)  
  57  5:03  Pylon  
  58  5:09  Probe (Chrono Boost)  
  58  5:11  Adept  
  61  5:14  Probe (Chrono Boost)  
  61  5:20  Probe (Chrono Boost)  
  61  5:21  Probe (Chrono Boost), Stargate  
  63  5:23  Pylon  
  63  5:29  Probe  
  63  5:30  Pylon  
  63  5:33  Adept  
  63  5:35  Gateway  
  64  5:37  Probe, Carrier (Chrono Boost)  
  65  5:44  Pylon  
  65  5:47  Protoss Air Weapons Level 1 (Chrono Boost)  
  71  6:04  Twilight Council  
  71  6:05  Gateway  
  71  6:09  Oracle (Chrono Boost)  
  74  6:13  Probe  
  74  6:16  Probe  
  74  6:32  Pylon  
  74  6:36  Probe  
  74  6:37  Forge  
  75  6:55  Carrier (Chrono Boost)  
  75  7:01  Carrier (Chrono Boost)  
  73  7:08  Pylon  
  82  7:30  Gateway  
  82  7:31  Protoss Ground Weapons Level 1  
  82  7:33  Pylon  
  82  7:34  Gateway, Adept  
  82  7:35  Adept  
  84  7:39  Nexus  
  84  7:40  Adept, Pylon  
  80  7:45  Assimilator  
  80  7:47  Assimilator  
  79  7:59  Carrier (Chrono Boost)  
  79  8:00  Shield Upgrade  
  79  8:01  Gateway  
  79  8:04  Adept x3  
  85  8:06  Probe  
  85  8:09  Pylon  
  85  8:12  Carrier (Chrono Boost)  
  92  8:39  Pylon  
  79  9:01  Templar Archives, Carrier (Chrono Boost)  
  79  9:05  Pylon  
  79  9:06  Pylon, Photon Cannon  
  79  9:10  Gateway  
  85  9:27  Adept x2  
  85  9:29  Sentry x2  
  75  9:42  Adept x2  
  75  9:48  Adept  
  75  9:49  Adept  
  75  9:51  Probe (Chrono Boost)  
  78  10:06  Probe x3  
  74  10:31  Adept  
  74  10:32  Adept x3  
  74  10:34  Adept x2  
Tags
 
Add a new tag
Caveats
  • Supply blocks, unpowered buildings, or Contaminate may cause inaccurate times.
  • Supply counts are checked every 10 seconds.